 Dungeon Crawl Stone Soup version 0.28.0-53-g5a82cb258f (webtiles) character file.

Game seed: 387466563233260146

149 PentaManta the Sneak (level 5, -17/31 HPs)
             Began as a Kobold Brigand on June 16, 2022.
             Demolished by an ogre
             ... wielding a +0 giant spiked club
              (26 damage)
             ... on level 3 of the Dungeon.
             The game lasted 00:05:46 (3226 turns).

PentaManta the Sneak (Kobold Brigand)               Turns: 3226, Time: 00:05:47

Health: -17/31     AC:  4    Str:  8    XL:     5   Next: 57%
Magic:  5/5        EV: 15    Int: 12    God:
Gold:   126        SH:  0    Dex: 19    Spells: 4/4 levels left

rFire   . . .      SeeInvis .   m - +2 short sword (venom)
rCold   . . .      Faith    .   (no shield)
rNeg    . . .      Spirit   .   n - +0 leather armour
rPois   .          Reflect  .   (no helmet)
rElec   .          Harm     .   c - +0 cloak
rCorr   .          Rampage  .   (no gloves)
Will    .....                   (no boots)
Stlth   ++++......              (no amulet)
HPRegen 0.10/turn               (no ring)
MPRegen 0.09/turn               (no ring)

@: no status effects
A: small, no large weapons, nightstalker 3
a: no special abilities


You were on level 3 of the Dungeon.
You visited 1 branch of the dungeon, and saw 3 of its levels.

You collected 126 gold pieces.

Inventory:

Hand Weapons
 a - a +2 dagger
 m - a +2 short sword of venom (weapon)
 p - a +1 dagger of venom
Missiles
 d - 8 poisoned darts (quivered)
 e - 2 curare-tipped darts
 r - 2 boomerangs
Armour
 b - a +0 robe
 c - a +0 cloak (worn)
 n - a +0 leather armour (worn)
Jewellery
 o - an amulet of magic regeneration
Scrolls
 h - a scroll of vulnerability {unknown}
 i - a scroll of blinking {unknown}
 l - 3 scrolls of identify {unknown}
 q - a scroll of immolation {unknown}
Potions
 f - 2 potions of might {unknown}
 g - a potion of haste {unknown}
 j - 2 potions of curing {unknown}
 k - a potion of degeneration {unknown}


   Skills:
 - Level 2.7 Fighting
 + Level 5.0 Short Blades
 - Level 2.5 Throwing
 + Level 3.6 Dodging
 - Level 5.5 Stealth


You had 4 spell levels left.
You didn't know any spells.
Your spell library contained the following spells:

 Spells                   Type           Power      Damage    Failure   Level
 Foxfire                  Conj/Fire      0%         2x1d4     43%         1
 Magic Dart               Conj           0%         1d3       43%         1
 Searing Ray              Conj           0%         2d4       58%         2
 Confusing Touch          Hex            0%         N/A       82%         3
 Conjure Flame            Conj/Fire      0%         6-21      82%         3
 Ignite Poison            Fire/Tmut/Pois 0%         N/A       82%         3
 Fulminant Prism          Conj/Hex       0%         3d6       99%         4
 Sticky Flame             Conj/Fire      0%         2d3       99%         4
 Yara's Violent Unravell  Hex/Tmut       0%         3d3       100%        5
 Enfeeble                 Hex            0%         N/A       100%        7


Dungeon Overview and Level Annotations

Branches:
Dungeon (3/15)

Altars:

Shops:
D:1 ?


Innate Abilities, Weirdness & Mutations

You are small and have problems with some larger weapons.
You are completely attuned to the shadows.


Message History

The orc is moderately wounded.
The orc barely misses you.
You barely miss the orc.
The orc is heavily wounded.
The orc closely misses you.
You hit the orc.
You kill the orc!
No target in view!
No target in view!
A giant cockroach comes into view.
You hit the giant cockroach.
The giant cockroach is poisoned.
The giant cockroach is heavily wounded.
The giant cockroach barely misses you.
You closely miss the giant cockroach.
The giant cockroach is almost dead.
You kill the giant cockroach!
No target in view!
HP restored.
q - a scroll labelled VUWOASK WITE
Things that are here:
a +0 flail; a +0 hunting sling; a +0 scale mail
r - 2 boomerangs You see here a +0 mace.
There is an open door here.
Found 18 sling bullets.
Found a short sword.
An ogre is nearby!
You hit the ogre.
The ogre is lightly wounded.
You hit the ogre.
The ogre is poisoned.
The ogre is moderately wounded.
The ogre hits you with a +0 giant spiked club!!
Ouch! That really hurt!
* * * LOW HITPOINT WARNING * * *
The ogre looks more healthy.
You hit the ogre but do no damage.
The ogre is poisoned.
The ogre is almost dead.
The ogre hits you with a +0 giant spiked club!!
Ouch! That really hurt!
You die...

......# ###.))..##
#.....# ##.♣.## #.....#
###.)...### .
#.....####....<....#
..###...###............
#.........'.♣...###...♣
###...###..#.).###
###.. #.(...O##..##+##
##+ .#......@......#
......###......#
##....# ###....##
#)...# #.##..# ......#
#...#.# ......# ###...#
......# ###.# ###


You could see an ogre (very poisoned).

Vanquished Creatures
  An orc priest (D:3)
  2 gnolls
  3 adders (D:2)
  A worm (D:3)
  2 dart slugs
  4 orcs (D:3)
  5 ball pythons
  4 bats
  6 endoplasms
  2 giant cockroaches
  5 goblins
  2 hobgoblins
  8 quokkas
  4 frilled lizards
  8 kobolds
  6 rats
63 creatures vanquished.

Notes
Turn   | Place    | Note
-------+----------+-------------------------------------------
     0 | D:1      | PentaManta the Kobold Brigand began the quest for the Orb.
     0 | D:1      | Reached XP level 1. HP: 12/12 MP: 1/1
   133 | D:1      | Reached XP level 2. HP: 18/18 MP: 2/2
   537 | D:1      | Found a faded altar of an unknown god.
   542 | D:1      | Got Plato's Handbook of Heat
   568 | D:1      | Reached XP level 3. HP: 22/22 MP: 3/3
   822 | D:1      | Found Zegrutzo's Magic Scroll Emporium.
  1304 | D:2      | Reached XP level 4. HP: 18/27 MP: 4/4
  2295 | D:3      | Reached XP level 5. HP: 15/31 MP: 5/5
  2726 | D:3      | Noticed an ogre
  3005 | D:3      | Reached skill level 5 in Short Blades
  3226 | D:3      | Demolished by an ogre

Illustrated notes

Levels and vault maps discovered:
D:1:      eino_arrival_druids_welcome, layout_rooms,
          shapermc_ecumenical_altar_rom_forum, serial_shops, nicolae_shop_trees
D:2:      cheibrodos_old_hovel, layout_basic, minmay_cut_off
D:3:      layout_rooms, grunt_ministairs_13

Skill      XL: |  1  2  3  4  5 |
---------------+----------------+-----
Short Blades   | 3 4 5 |  5.0
Dodging        | 2 3 |  3.6
Fighting       | |  2.7
Throwing       | |  2.5
Stealth        | |  5.5

Action                   |  1- 3 |  4- 6 || total
-------------------------+-------+-------++-------
Melee: Dagger            |    79 |    36 ||   115
       Short sword       |       |    53 ||    53
       Punch             |       |     3 ||     3
 Stab: Sleeping          |    22 |     6 ||    28
       Distracted        |     1 |       ||     1
Armor: Robe              |     7 |     2 ||     9
       Leather armour    |       |     5 ||     5
Dodge: Dodged            |    25 |    59 ||    84
